 Dungeon Crawl Stone Soup version 0.30.0-19-g36f170ea60 (webtiles) character file.

Game seed: 15686691085776095449

81 Darkkill the Shooter (level 4, 0/38 HPs)
             Began as a Minotaur Hunter on May 26, 2023.
             Slain by a gnoll
             ... wielding a +0 halberd
              (8 damage)
             ... on level 3 of the Dungeon.
             The game lasted 00:03:27 (1596 turns).

Darkkill the Shooter (Minotaur Hunter)              Turns: 1596, Time: 00:03:28

Health: 0/38       AC:  6    Str: 15    XL:     4   Next: 20%
Magic:  3/3        EV: 12    Int:  6    God:
Gold:   84         SH:  0    Dex: 16    Spells: 3/3 levels left

rFire   . . .        a - +1 shortbow
rCold   . . .        (shield currently unavailable)
rNeg    . . .        c - +0 leather armour
rPois   .            (helmet restricted)
rElec   .            f - +0 cloak
rCorr   .            e - +1 pair of gloves
SInv    .            (no boots)
Will    .....        (no amulet)
Stlth   ++           (no ring)
HPRegen 0.26/turn    (no ring)
MPRegen 0.08/turn

%: no passive effects
@: no status effects
A: horns 2, retaliatory headbutt
a: no special abilities


You were on level 3 of the Dungeon.
You visited 1 branch of the dungeon, and saw 3 of its levels.

You collected 84 gold pieces.

Inventory:

Hand Weapons
 a - a +1 shortbow (weapon)
Missiles
 h - 2 silver boomerangs
 i - 4 poisoned darts
Armour
 c - a +0 leather armour (worn)
 e - a +1 pair of gloves (worn)
 f - a +0 cloak (worn)
Scrolls
 b - 3 scrolls of immolation
 g - 2 scrolls of fear
Potions
 d - a potion of attraction
 j - a potion of berserk rage {unknown}
 k - a potion of curing {unknown}
 l - a potion of invisibility {unknown}


   Skills:
 + Level 3.4 Fighting
 + Level 4.9 Ranged Weapons
 + Level 3.0 Dodging
 + Level 1.8 Stealth


You had 3 spell levels left.
You didn't know any spells.
Your spell library contained the following spells:

 Spells                   Type           Power      Damage    Failure   Level
 Beastly Appendage        Tmut           0%         N/A       52%         1
 Wereblood                Tmut           0%         N/A       67%         2
 Spider Form              Tmut/Pois      0%         N/A       88%         3


Dungeon Overview and Level Annotations

Branches:
Dungeon (3/15)

Altars:
Xom


Innate Abilities, Weirdness & Mutations

You have a pair of horns on your head.
You reflexively headbutt those who attack you in melee.


Message History

The ball python closely misses you. The ball python constricts you.
A ball python is nearby!
You shoot an arrow. The arrow hits the ball python!
You kill the ball python!
HP restored.
There is a stone staircase leading up here.
Found a stone staircase leading up.
No target in view!
There is a stone staircase leading up here.
Found a shimmering altar of Xom.
No target in view!
You pick up a book of Changes and begin reading...
You add the spells Beastly Appendage, Wereblood and Spider Form to your library.
No target in view!
j - a lumpy emerald potion No target in view! 2 gnolls come into view.
Found a scroll labelled LUIBLA GIRI.
The gnoll shouts!
You hear a shout! x2
A gnoll comes into view. It is wielding a +0 whip.
An orc comes into view. It is wielding a +0 hand axe.
You shoot an arrow. The orc shouts!
The arrow hits the gnoll!
The gnoll is heavily wounded.
There are monsters nearby!
You shoot an arrow. The arrow hits the gnoll!
You kill the gnoll!
A gnoll comes into view. It is wielding a +0 halberd.
A kobold comes into view. It is wielding a +0 short sword.
There are monsters nearby!
You shoot an arrow. The gnoll shouts!
The arrow hits the gnoll but does no damage.
You shoot an arrow. The arrow hits the gnoll!
The gnoll is heavily wounded.
The gnoll hits you but does no damage.
There are monsters nearby!
You shoot an arrow. The arrow hits the gnoll.
The gnoll is severely wounded.
A ball python comes into view.
The gnoll hits you with a +0 club.
There are monsters nearby!
You shoot an arrow. The ball python hisses angrily.
The arrow hits the gnoll.
You kill the gnoll!
The orc hits you but does no damage.
Your Dodging skill increases to level 3!
You have reached level 4!
You feel agile. The gnoll attacks as you move away!
The gnoll hits you with a +0 whip. The orc attacks as you move away!
The orc closely misses you.
You shoot an arrow. The arrow completely misses the orc.
The arrow hits the gnoll.
The gnoll is moderately wounded.
The gnoll hits you but does no damage. The orc hits you with a +0 hand axe.
The orc misses you. The gnoll closely misses you. The gnoll barely misses you.
You shoot an arrow.
The arrow hits the orc but does no damage.
The gnoll closely misses you. The orc hits you but does no damage.
The gnoll hits you but does no damage. The gnoll misses you.
The gnoll barely misses you. You furiously retaliate!
You headbutt the gnoll! The orc hits you with a +0 hand axe.
You shoot an arrow. The arrow hits the gnoll.
You kill the gnoll!
The gnoll closely misses you. The orc barely misses you.
You furiously retaliate!
You headbutt the orc!
You kill the orc!
You shoot an arrow. The arrow hits the kobold!
You kill the kobold!
The gnoll barely misses you. The ball python closely misses you.
You furiously retaliate!
You headbutt the ball python.
You kill the ball python!
The gnoll hits you with a +0 halberd.
Items here: )) ? [ ††.
You shoot an arrow. The arrow closely misses the gnoll.
The gnoll barely misses you. The gnoll misses you.
You shoot an arrow. The arrow completely misses the gnoll.
The gnoll closely misses you.
You shoot an arrow. The arrow closely misses the gnoll.
The gnoll misses you.
You shoot an arrow.
The arrow hits the gnoll but does no damage.
The gnoll hits you with a +0 halberd.
You shoot an arrow. The arrow barely misses the gnoll.
The gnoll hits you with a +0 halberd. The gnoll hits you with a +0 halberd!
You shoot an arrow.
The arrow hits the gnoll but does no damage.
The gnoll hits you with a +0 halberd.
You shoot an arrow. The arrow completely misses the gnoll.
The gnoll hits you with a +0 halberd.
You shoot an arrow. The arrow hits the gnoll.
The gnoll is heavily wounded.
The gnoll barely misses you.
You shoot an arrow. The arrow hits the gnoll.
The gnoll is severely wounded.
The gnoll hits you with a +0 halberd.
* * * LOW HITPOINT WARNING * * *
The gnoll hits you with a +0 halberd!
You die...

#.#...................
#.#......###.......##.
#.#.....## #.####<.#
#.#...#.# #.#.....#
#.......# #.#.##.##
###...### #......#
#####.## ###.#######
#......# #........
#.###)@# #########
.....?).g.......
....).......####
.#..##....### ...
#..... .# .....#.
......... .......####


You could see a gnoll.

Vanquished Creatures
  3 gnolls (D:3)
  2 adders (D:2)
  A worm (D:2)
  A dart slug (D:2)
  An orc (D:3)
  4 ball pythons
  3 endoplasms
  A giant cockroach (D:1)
  A goblin (D:1)
  3 hobgoblins (D:2)
  A bat (D:1)
  5 frilled lizards
  3 kobolds
  4 rats
33 creatures vanquished.

Notes
Turn   | Place    | Note
-------+----------+-------------------------------------------
     0 | D:1      | Darkkill the Minotaur Hunter began the quest for the Orb.
     0 | D:1      | Reached XP level 1. HP: 18/18 MP: 0/0
     2 | D:1      | Noticed a gargoyle
     2 | D:1      | Noticed a human
     4 | D:1      | Noticed a spriggan
     6 | D:1      | Noticed a demonspawn
     6 | D:1      | Noticed a draconian
     8 | D:1      | Noticed an ogre
     8 | D:1      | Noticed an elf
    10 | D:1      | Noticed an armataur
    10 | D:1      | Noticed a troll
    12 | D:1      | Noticed a demigod
    12 | D:1      | Noticed a ghoul
    14 | D:1      | Noticed an octopode
    14 | D:1      | Noticed a vine stalker
    16 | D:1      | Noticed a minotaur
    16 | D:1      | Noticed a formicid
    18 | D:1      | Noticed a naga
    18 | D:1      | Noticed a tengu
    20 | D:1      | Noticed a felid
    20 | D:1      | Noticed a merfolk
    24 | D:1      | Noticed a meteoran
    24 | D:1      | Noticed a draconian
    26 | D:1      | Noticed an ogre
    26 | D:1      | Noticed a meteoran
   248 | D:1      | Reached skill level 1 in Stealth
   470 | D:1      | Reached XP level 2. HP: 25/25 MP: 1/1
   638 | D:2      | Found a faded altar of an unknown god.
  1314 | D:2      | Reached XP level 3. HP: 31/31 MP: 2/2
  1559 | D:3      | Found a shimmering altar of Xom.
  1581 | D:3      | Reached XP level 4. HP: 37/38 MP: 3/3
  1596 | D:3      | Slain by a gnoll

Illustrated notes

Levels and vault maps discovered:
D:1:      kb_arrival_jail, layout_basic
D:2:      layout_loops_corners, hellmonk_ecumenical_altar_zigzags
D:3:      layout_loops_cross, overflow_temple_1_default,
          nemelex_diamond_rough_becter, serial_shops, shop, skrybe_limestone_x,
          minmay_misc_feat_tiny, st_stairs_14, minmay_between

Skill      XL: |  1  2  3 |
---------------+----------+-----
Stealth        | 1 |  1.8
Fighting       | 3 |  3.4
Dodging        | 3 |  3.0
Ranged Weapons | |  4.9

Action                     |  1- 3 |  4- 6 || total
---------------------------+-------+-------++-------
   Fire: Shortbow          |    70 |    13 ||    83
    Use: Scroll            |     5 |       ||     5
 Armour: Leather armour    |    10 |     3 ||    13
  Dodge: Dodged            |    10 |    16 ||    26

Levels and vault maps discovered:
D:1:      kb_arrival_jail, layout_basic
D:2:      layout_loops_corners, hellmonk_ecumenical_altar_zigzags
D:3:      layout_loops_cross, overflow_temple_1_default,
          nemelex_diamond_rough_becter, serial_shops, shop, skrybe_limestone_x,
          minmay_misc_feat_tiny, st_stairs_14, minmay_between

Table legend: (Time is in decaauts)
 A = Elapsed time spent in this place.
 B = Non-inter-level travel time spent in this place.
 C = Inter-level travel time spent in this place.
 D = Time resting spent in this place.
 E = Time spent auto-exploring this place.
 F = Levels seen in this place.
 G = Mean time per level.
                   A        B        C        D        E       F      G
               +--------+--------+--------+--------+--------+-----+--------+
         Total |   1620 |   1535 |     85 |      0 |   1339 |   3 |  540.0 |
       Dungeon |   1620 |   1535 |     85 |      0 |   1339 |   3 |  540.0 |
               +--------+--------+--------+--------+--------+-----+--------+

Top non-repeatable levels by time:
     D:2: 931 daAuts
     D:1: 592 daAuts
     D:3: 95 daAuts

Table legend:
 A = Kills in this place as a percentage of kills in the entire game.
 B = Kills by you in this place as a percentage of kills by you in the entire game.
 C = Kills by friends in this place as a percentage of kills by friends in the entire game.
 D = Other kills in this place as a percentage of other kills in the entire game.
 E = Experience gained in this place as a percentage of experience gained in the entire game.
 F = Experience gained in this place divided by the number of levels of this place that you have seen.
                   A       B       C       D       E      F
               +-------+-------+-------+-------+-------+----------------------
         Total | 100.0 | 100.0 |   N/A |   N/A | 100.0 |  39.0
       Dungeon | 100.0 | 100.0 |   N/A |   N/A | 100.0 |  39.0
               +-------+-------+-------+-------+-------+----------------------
